Map: Frozen Temple

Players

MrTripsta

  • Race: Protoss Protoss
  • League: Silver
  • Spawn Location: 5:00

Fropez - Winner!

  • Race: Protoss Protoss
  • League: Gold
  • Spawn Location: 11:00

VOD

Have the link to the VOD?

Description

Time

  • Played on: Aug. 5, 2016, 12:38 p.m.
  • Length: 6:49
Show
View Real Time Build Order
Export as new Build Order

MrTripsta Protoss 

Build Orders: Cannon Rush 

Get SALT Encoding   

  12  0:03  Probe (Chrono Boost)  
  13  0:13  Probe (Chrono Boost)  
  14  0:23  Pylon  
  14  0:27  Probe (Chrono Boost)  
  15  0:41  Probe (Chrono Boost)  
  16  0:44  Forge  
  16  0:54  Probe (Chrono Boost)  
  17  1:02  Gateway  
  17  1:05  Probe (Chrono Boost)  
  18  1:12  Assimilator  
  18  1:26  Pylon  
  18  1:35  Pylon  
  18  1:46  Photon Cannon  
  18  1:53  Photon Cannon  
  18  1:56  Photon Cannon  
  18  2:00  Photon Cannon  
  18  2:07  Photon Cannon  
  18  2:10  Probe (Chrono Boost)  
  19  2:24  Photon Cannon  
  19  2:34  Pylon  
  19  2:40  Zealot  
  21  2:48  Photon Cannon  
  21  2:57  Photon Cannon  
  21  3:07  Photon Cannon  
  20  3:20  Pylon  
  20  3:21  Probe (Chrono Boost)  
  20  3:25  Assimilator  
  21  3:36  Probe (Chrono Boost)  
  22  3:47  Cybernetics Core  
  23  3:48  Probe (Chrono Boost)  
  23  3:55  Gateway  
  23  3:59  Probe (Chrono Boost)  
  24  4:25  Warp Gate (Chrono Boost)  
  24  4:26  Photon Cannon  
  24  4:39  Nexus  
  24  4:45  Photon Cannon  
  24  5:15  Photon Cannon  
  24  5:18  Pylon  
  24  5:25  Gateway  
  24  5:27  Gateway  
  24  5:46  Stalker x2  
  26  5:50  Photon Cannon  
Show
View Real Time Build Order
Export as new Build Order

Fropez Protoss - Winner!

Build Orders:  

Get SALT Encoding   

  12  0:01  Probe (Chrono Boost)  
  13  0:16  Pylon  
  13  0:18  Probe (Chrono Boost)  
  14  0:27  Assimilator  
  14  0:29  Probe (Chrono Boost)  
  15  0:41  Gateway  
  15  0:45  Probe (Chrono Boost)  
  16  1:05  Pylon, Probe (Chrono Boost)  
  17  1:14  Assimilator  
  17  1:17  Probe (Chrono Boost)  
  18  1:29  Cybernetics Core  
  18  1:32  Probe (Chrono Boost)  
  19  1:41  Pylon  
  19  1:42  Probe (Chrono Boost)  
  20  1:53  Probe (Chrono Boost)  
  21  1:54  Pylon  
  21  2:08  Warp Gate (Chrono Boost)  
  21  2:26  Nexus  
  21  2:29  Probe  
  22  2:37  Pylon  
  22  2:41  Mothership Core  
  24  2:47  Stalker  
  26  3:24  Gateway  
  26  3:25  Probe, Gateway  
  27  3:27  Gateway  
  27  3:30  Gateway  
  27  3:37  Probe  
  27  3:39  Probe  
  29  3:50  Pylon, Probe  
  29  3:55  Assimilator  
  30  3:56  Probe  
  30  4:02  Assimilator  
  30  4:04  Probe  
  31  4:24  Adept x2  
  33  4:25  Adept x2  
  39  4:47  Gateway  
  39  4:54  Gateway  
  39  4:58  Gateway  
  39  5:05  Adept  
  39  5:06  Adept x3  
  47  5:07  Adept  
  49  5:22  Pylon  
  49  5:29  Probe  
  49  5:30  Probe  
  49  5:31  Twilight Council  
  51  5:37  Adept  
  51  5:38  Forge  
  41  6:24  Stalker x4  
  47  6:28  Zealot  
  47  6:29  Zealot x3  
Tags
 
Matchup
PvP
Replay Pack
All Mines
Spawn Locations
Cross Positions
Add a new tag
Caveats
  • Supply blocks, unpowered buildings, or Contaminate may cause inaccurate times.
  • Supply counts are checked every 10 seconds.